 Dungeon Crawl Stone Soup version 0.32-a0-290-g598725c5f2 (webtiles) character file.

Game seed: 7379036572416775758

12774 Amplified the Fighter (level 11, 0/106 HPs)
             Began as a Mountain Dwarf Fighter on Feb 13, 2024.
             Was the Champion of Jiyva.
             Killed from afar by Jorgrun (26 damage)
             ... with a blast of rock fragments
             ... on level 13 of the Dungeon.
             The game lasted 00:21:28 (8003 turns).

Amplified the Fighter (Mountain Dwarf Fighter)      Turns: 8003, Time: 00:21:30

Health: 0/106      AC:  7    Str: 26    XL:     11   Next: 66%
Magic:  11/11      EV:  7    Int:  7    God:    Jiyva [******]
Gold:   699        SH:  6    Dex: 10    Spells: 10/10 levels left

rFire   . . .        o - +0 broad axe (venom)
rCold   . . .        c - +1 buckler
rNeg    . . .        b - +0 scale mail
rPois   .            (helmet restricted)
rElec   .            G - +0 cloak
rCorr   +            (no gloves)
SInv    +            (no boots)
Will    ++...        (no amulet)
Stlth   +            h - ring of willpower
HPRegen 1.97/turn    p - ring of see invisible
MPRegen 0.92/turn

%: no passive effects
@: mighty, about to teleport, grasped by roots, constricted
A: runic magic, artefact enchanting, fangs 2, horns 1, strong 1, pseudopods 1,
translucent skin 3
a: Renounce Religion, Oozemancy, Slimify


You were on level 13 of the Dungeon.
You worshipped Jiyva.
Jiyva was exalted by your worship.
You visited 1 branch of the dungeon, and saw 14 of its levels.

You collected 1006 gold pieces.
You spent 307 gold pieces at shops.

Inventory:

Hand Weapons
 o - a +0 broad axe of venom (weapon)
 t - a +2 flail of protection
Missiles
 r - 2 poisoned darts (quivered)
Armour
 a - an orb of mayhem
 b - a +0 scale mail (worn)
 c - a +1 buckler (worn)
 d - a +0 helmet
 G - a +0 cloak (worn)
Jewellery
 h - a ring of willpower (left hand)
 p - a ring of see invisible (right hand)
 D - a +6 ring of intelligence
Wands
 e - a wand of digging (6)
 k - a wand of polymorph (6)
 x - a wand of charming (10)
 A - a wand of flame (16)
Scrolls
 g - 2 scrolls of noise
 j - 2 scrolls of enchant armour
 m - 3 scrolls of enchant weapon
 n - 2 scrolls of identify
 q - a scroll of torment
 v - a scroll of amnesia
 y - 3 scrolls of teleportation
 z - 2 scrolls of immolation
 B - a scroll of poison
 F - 2 scrolls of fog
 H - a scroll of silence
Potions
 f - a potion of mutation
 i - a potion of heal wounds
 l - 2 potions of attraction
 s - a potion of cancellation
 u - 4 potions of lignification
 I - a potion of curing
Miscellaneous
 w - a lightning rod (2/4)


   Skills:
 * Level 12.8 Fighting
 * Level 12.3(12.9) Axes
 - Level 6.0(10.0) Maces & Flails
 + Level 9.5 Armour
 - Level 7.0 Shields


You had 10 spell levels left.
You didn't know any spells.
Your spell library contained the following spells:

 Spells                   Type           Power      Damage    Failure   Level
 Apportation              Tloc           0%         N/A       54%         1
 Magic Dart               Conj           0%         1d3       54%         1
 Necrotise                Necr           0%         1d4       54%         1
 Slow                     Hex            0%         N/A       54%         1
 Sting                    Conj/Alch      0%         1d3       54%         1
 Summon Small Mammal      Summ           0%         N/A       54%         1
 Blink                    Tloc           0%         N/A       67%         2
 Call Imp                 Summ           0%         N/A       67%         2
 Lesser Beckoning         Tloc           0%         N/A       67%         2
 Momentum Strike          Conj/Tloc      0%         3d8       67%         2
 Searing Ray              Conj           0%         2d4       67%         2
 Confusing Touch          Hex            0%         N/A       88%         3
 Fugue of the Fallen      Necr           0%         N/A       88%         3
 Gell's Gravitas          Tloc           0%         N/A       88%         3
 Hailstorm                Conj/Ice       0%         3d5       88%         3
 Inner Flame              Hex/Fire       0%         N/A       88%         3
 Ozocubu's Armour         Ice            0%         N/A       88%         3
 Sigil of Binding         Hex            0%         N/A       88%         3
 Teleport Other           Tloc           0%         N/A       88%         3
 Vampiric Draining        Necr           0%         2d6       88%         3
 Animate Dead             Necr           0%         N/A       99%         4
 Fulminant Prism          Conj/Alch      0%         3d5       99%         4
 Manifold Assault         Tloc           0%         N/A       99%         4
 Sticky Flame             Fire/Alch      0%         2d4       99%         4
 Metabolic Englaciation   Hex/Ice        0%         N/A       100%        5
 Dispersal                Tloc           0%         N/A       100%        6
 Haunt                    Necr/Summ      0%         N/A       100%        7
 Infestation              Necr           0%         N/A       100%        8


Dungeon Overview and Level Annotations

Branches:
Dungeon (14/15)            Temple (0/1) D:7
   Lair: D:8-11         Orc: D:9-12      Vaults: D:13-14

Altars:
Dithmenos
Elyvilon
Gozag
Nemelex Xobeh
Qazlal
Ru
Uskayaw
Vehumet
Yredelemnul
Jiyva

Shops:
D:7 *   D:8 =   D:11 ?

Annotations:
D:13 Jorgrun


Innate Abilities, Weirdness & Mutations

Your spellcasting is much less encumbered by armour.
You can use scrolls of enchantment on lesser artefacts.
You have extremely sharp teeth.
You have a pair of small horns on your head.
Your muscles are strong. (Str +4, Int/Dex -1)
Armour fits poorly on your pseudopods.
Your transparent skin significantly reduces your foes' accuracy. (Stealth+)


Message History

Aim: Jorgrun, wielding a +0 heavy quarterstaff and wearing a +0 robe (heavily wounded) Attack!
Unknown command.
Unknown command.
Unknown command.
Aiming: Thunderbolt
Press: ? - help, Shift-Dir - straight line, f - you, p - Jorgrun
Okay, then.
Okay, then.
Unknown command.
Throw: 3 darts (poison)
Press: ? - help, Q - select action, (/) - cycle Shift-Dir - straight line, f/p - Jorgrun
Aim: Jorgrun, wielding a +0 heavy quarterstaff and wearing a +0 robe (heavily wounded, 42% to hit)
You throw a poisoned dart. The poisoned dart hits Jorgrun.
Jorgrun is poisoned.
Jorgrun is heavily wounded.
Jorgrun points next to you and mumbles some strange words.
The wall shatters!
The blast of rock fragments hits you!!
* * * LOW HITPOINT WARNING * * *
You shudder from the blast and a jelly pops out!
Unknown command.
As you read the scroll of fear, it crumbles to dust.
You assume a fearsome visage.
Jorgrun resists with almost no effort.
Jorgrun casts a spell at you.
Roots burst forth from the earth!
The grasping roots grab you! The grasping roots constrict you!
* * * LOW HITPOINT WARNING * * *
You feel much better. The grasping roots constrict you!
* * * LOW HITPOINT WARNING * * *
Unknown command.
Unknown command.
Unknown command.
As you read the scroll of teleportation, it crumbles to dust.
You feel strangely unstable. Jorgrun casts a spell next to you.
The wall shatters!
The blast of rock fragments hits your acid blob!!!
The blast of rock fragments hits you!!
You die...
Jiyva sends a jelly to digest your remains.

###.##...#........##..........#..
###.....######....##....######...
............##....#.............#
#####...###.......#..........#..#
# #.............#..........#..# #
#............##....y.....#..#
#####............##..........#...
...##............##...y..###.....
...##...........@##......###.....
...########.....J..........#....#
...#.....##........#####...#.....
...#............J................
...#.....................#.......
...#.................g...#......#
####................##(###......#
....####...........#.#.. .....O.
....####...........# #.# .......


You could see Jorgrun (poisoned, ally target), a neutral jelly (wandering)
(fellow slime) and a friendly acid blob (summoned).

Vanquished Creatures
  3 two-headed ogres
  A cyclops (D:11)
  A manticore (D:13)
  3 meliai (D:13)
  A gargoyle (D:10)
  3 trolls
  2 wraiths
  3 humans (D:13)
  2 yaks (D:9)
  A wyvern (D:6)
  2 shadows
  A basilisk (D:11)
  6 vampire mosquitoes
  2 steam dragons
  2 water moccasins
  An acid dragon (D:10)
  A sky beast (D:6)
  3 orc warriors
  3 black bears
  An ogre (D:6)
  An elephant zombie (D:8)
  A centaur (D:5)
  A weeping skull (D:8)
  A phantom (D:5)
  2 kobold brigands (D:8)
  6 bullfrogs
  A gnoll sergeant (D:8)
  14 killer bees
  An electric eel (D:9)
  4 howler monkeys
  2 centaur zombies (D:8)
  5 hounds
  A bombardier beetle (D:6)
  2 orc priests
  A sleepcap (D:5)
  Terence (D:2)
  A scorpion zombie (D:8)
  5 orc wizards
  A killer bee zombie (D:8)
  An ogre zombie (D:8)
  5 hound zombies (D:8)
  Robin (D:2)
  13 adders
  12 gnolls
  A shadow imp (D:7)
  3 white imps
  3 adder zombies (D:8)
  3 dart slugs
  2 ribbon worms (D:2)
  28 orcs
  11 ball pythons
  8 bats
  5 endoplasms
  2 giant cockroaches (D:1)
  9 hobgoblins
  4 jackals (D:3)
  15 kobolds
  2 quokkas
  2 frilled lizards (D:1)
  15 goblins
  4 rats
242 creatures vanquished.

Vanquished Creatures (collateral kills)
  An ogre mage (D:13)
  2 two-headed ogres (D:13)
  2 steam dragons (D:6)
  2 ogres
7 creatures vanquished.

Vanquished Creatures (others)
  A centaur warrior (D:13)
  7 slime creatures
  A wraith (D:13)
  A yak (D:9)
  3 killer bees (D:8)
  17 jellies
  An iguana (D:6)
  An adder (D:5)
  A white imp (D:7)
  An endoplasm (D:2)
  An orc (D:6)
  A giant cockroach (D:3)
  A goblin (D:3)
  2 jackals (D:3)
  2 ball pythons
  2 frilled lizards (D:3)
  A rat (D:3)
44 creatures vanquished.

Grand Total: 293 creatures vanquished

Notes
Turn   | Place    | Note
-------+----------+-------------------------------------------
     0 | D:1      | Amplified the Mountain Dwarf Fighter began the quest for
                  | the Orb.
     0 | D:1      | Reached XP level 1. HP: 19/19 MP: 1/1
    84 | D:1      | Reached XP level 2. HP: 23/26 MP: 2/2
   524 | D:1      | Reached XP level 3. HP: 30/33 MP: 3/3
   990 | D:2      | Noticed Terence
   996 | D:2      | Killed Terence
   997 | D:2      | Reached XP level 4. HP: 38/40 MP: 4/4
  1201 | D:2      | Reached XP level 5. HP: 47/47 MP: 5/5
  1274 | D:2      | Noticed Robin
  1316 | D:2      | Killed Robin
  1452 | D:2      | Found a faded altar of an unknown god.
  1474 | D:2      | Prayed at the altar of an unknown god.
  1474 | D:2      | Became a worshipper of Jiyva Joinn the Shapeless
  1474 | D:2      | Reached * piety under Jiyva
  2070 | D:3      | Reached ** piety under Jiyva
  2191 | D:3      | Reached XP level 6. HP: 53/53 MP: 6/6
  2446 | D:3      | Reached skill level 5 in Shields
  2754 | D:4      | Reached *** piety under Jiyva
  2822 | D:4      | Reached skill level 5 in Fighting
  2917 | D:4      | Found a hide-covered altar of Uskayaw.
  2925 | D:4      | Gained mutation: Your muscles are strong. (Str +4, Int/Dex
                  | -1) [Jiyva's grace]
  2925 | D:4      | Gained mutation: Your muscles are very strong. (Str +8,
                  | Int/Dex -2) [Jiyva's grace]
  2925 | D:4      | Gained mutation: You have a pair of small horns on your
                  | head. [Jiyva's grace]
  2925 | D:4      | Gained mutation: You have a pair of horns on your head.
                  | [Jiyva's grace]
  2981 | D:4      | Reached skill level 5 in Maces & Flails
  3276 | D:4      | Reached **** piety under Jiyva
  3442 | D:5      | Entered Level 5 of the Dungeon
  3442 | D:5      | Noticed a water moccasin
  3525 | D:5      | Killed a water moccasin
  3526 | D:5      | Reached XP level 7. HP: 46/61 MP: 7/7
  4006 | D:5      | Found a basalt altar of Yredelemnul.
  4012 | D:5      | Found a radiant altar of Vehumet.
  4012 | D:5      | Found a stormy altar of Qazlal.
  4015 | D:5      | Found a sacrificial altar of Ru.
  4083 | D:6      | Reached skill level 1 in Axes
  4106 | D:6      | Reached skill level 5 in Armour
  4106 | D:6      | Reached XP level 8. HP: 55/70 MP: 8/8
  4201 | D:6      | Reached ***** piety under Jiyva
  4678 | D:6      | Gained mutation: You have a small jelly attached to you
                  | that senses nearby items. [Jiyva's grace]
  4678 | D:6      | Gained mutation: You have acidic saliva. [Jiyva's grace]
  4678 | D:6      | Gained mutation: You have very sharp teeth. [Jiyva's grace]
  4678 | D:6      | Gained mutation: You have extremely sharp teeth. [Jiyva's
                  | grace]
  4845 | D:6      | Found a white marble altar of Elyvilon.
  4846 | D:6      | Found a sparkling altar of Nemelex Xobeh.
  4983 | D:7      | Reached skill level 5 in Axes
  5011 | D:7      | Reached XP level 9. HP: 71/81 MP: 9/9
  5115 | D:7      | Found a staircase to the Ecumenical Temple.
  5207 | D:7      | Found Girummou's CLEARANCE SALE!.
  5212 | D:7      | Bought a scroll of teleportation for 15 gold pieces
  5592 | D:8      | Found an opulent altar of Gozag.
  5690 | D:8      | Found Syggekh's Jewellery Shop.
  5692 | D:8      | Noticed a troll
  5698 | D:8      | Killed a troll
  5905 | D:8      | Found a basalt altar of Yredelemnul.
  5961 | D:8      | Reached XP level 10. HP: 92/92 MP: 10/10
  6194 | D:9      | Noticed a two-headed ogre
  6201 | D:9      | Killed a two-headed ogre
  6202 | D:9      | Reached skill level 10 in Fighting
  6549 | D:9      | Noticed a two-headed ogre
  6567 | D:10     | Entered Level 10 of the Dungeon
  6569 | D:10     | Noticed a two-headed ogre
  6575 | D:10     | Killed a two-headed ogre
  6673 | D:10     | Noticed a gargoyle
  6679 | D:10     | Killed a gargoyle
  6680 | D:10     | Reached skill level 10 in Axes
  6722 | D:10     | Lost mutation: You have a pair of horns on your head.
                  | [Jiyva's grace]
  6722 | D:10     | Lost mutation: Your muscles are very strong. (Str +8,
                  | Int/Dex -2) [Jiyva's grace]
  6722 | D:10     | Lost mutation: You have acidic saliva. [Jiyva's grace]
  6722 | D:10     | Lost mutation: You have a small jelly attached to you that
                  | senses nearby items. [Jiyva's grace]
  6722 | D:10     | Gained mutation: Your translucent skin slightly reduces
                  | your foes' accuracy. (Stealth+) [Jiyva's grace]
  6722 | D:10     | Gained mutation: Your translucent skin reduces your foes'
                  | accuracy. (Stealth+) [Jiyva's grace]
  6722 | D:10     | Gained mutation: Your transparent skin significantly
                  | reduces your foes' accuracy. (Stealth+) [Jiyva's grace]
  6722 | D:10     | Gained mutation: Armour fits poorly on your pseudopods.
                  | [Jiyva's grace]
  6759 | D:10     | Found a shadowy altar of Dithmenos.
  6978 | D:11     | Reached ****** piety under Jiyva
  7055 | D:11     | Got the Encyclopedia of Fiery Rime
  7163 | D:11     | Found Luir's Magic Scroll Emporium.
  7174 | D:11     | Bought a scroll of fog for 52 gold pieces
  7174 | D:11     | Bought a scroll of enchant weapon for 97 gold pieces
  7174 | D:11     | Bought a scroll of fog for 52 gold pieces
  7174 | D:11     | Bought a scroll of immolation for 52 gold pieces
  7174 | D:11     | Bought a scroll of teleportation for 39 gold pieces
  7378 | D:11     | Reached XP level 11. HP: 100/102 MP: 11/11
  7549 | D:11     | You fall into a shaft and drop 3 floors!
  7628 | D:13     | Killed a centaur warrior
  7821 | D:12     | Noticed a deep elf pyromancer
  7948 | D:13     | Noticed an ogre mage
  7949 | D:13     | Noticed a two-headed ogre
  7965 | D:13     | Killed an ogre mage
  7966 | D:13     | Noticed a two-headed ogre
  7968 | D:13     | Noticed a two-headed ogre
  7969 | D:13     | Killed a two-headed ogre
  7970 | D:13     | Killed a two-headed ogre
  7978 | D:13     | Killed a two-headed ogre
  7998 | D:13     | Noticed Jorgrun
  8003 | D:13     | Killed from afar by Jorgrun

Illustrated notes

Levels and vault maps discovered:
D:1:      roadster_arrival_rocket_large, layout_basic, solitary_fountain
D:2:      minmay_spotlight, layout_basic,
          chequers_ecumenical_altar_simple_redux, nrook_loot_triangle,
          minmay_snake_closets, uniq_robin, uniq_terence
D:3:      layout_basic
D:4:      layout_basic, overflow_temple_1_default, serial_forest,
          infiniplex_forest_3_way, infiniplex_forest_lined_2,
          infiniplex_forest_pool, infiniplex_forest_clump_medium,
          infiniplex_forest_lined_room_3, infiniplex_forest_straight_4,
          infiniplex_forest_clump_small
D:5:      layout_rooms, minitemple, kennysheep_generic_room_9
D:6:      kennysheep_steamy, layout_cave_pods, gammafunk_temple_overflow_statue
D:7:      layout_rooms, minmay_temple_entry_statues_pillars,
          nicolae_shop_clearance
D:8:      layout_basic, nicolae_gozag_seed_capital, serial_shops,
          nicolae_shop_statue_plus, roadster_capsule_ark_zombie
D:9:      layout_basic, gammafunk_temple_overflow_wave, lair_entry_dummy,
          david_orc_2, nicolae_water_bricks
D:10:     layout_rooms, grunt_dithmenos_smoke_and_mirrors
D:11:     layout_gridville, serial_shops, nicolae_shop_tiny_waterfront
D:12:     layout_small_grid, uniq_maurice
D:13:     layout_basic, grunt_vaults_entry_tiered, uniq_jorgrun
D:14:     layout_cave_pools, serial_bayou_pond_c

Skill      XL: |  1  2  3  4  5  6  7  8  9 10 11 |
---------------+----------------------------------+-----
Maces & Flails | 3 4 5 6 |  6.0
Fighting       | 4 5 6 7 9 11 12 | 12.8
Shields        | 4 5 6 7 |  7.0
Armour         | 4 5 6 7 8 9 |  9.5
Axes           | 1 5 8 10 12 | 12.3

Action                     |  1- 3 |  4- 6 |  7- 9 | 10-12 || total
---------------------------+-------+-------+-------+-------++-------
  Melee: Flail             |   106 |   288 |    43 |       ||   437
         Headbutt          |       |     7 |    29 |    29 ||    65
         Broad axe         |       |       |   228 |   139 ||   367
         Bite              |       |       |     7 |    14 ||    21
         Pseudopods        |       |       |       |    18 ||    18
  Throw: Throwing net      |       |     1 |     1 |       ||     2
         Dart              |       |       |     2 |     4 ||     6
 Invoke: Slimify           |       |       |       |     1 ||     1
  Evoke: Wand              |       |       |     2 |     7 ||     9
         Lightning rod     |       |       |       |     6 ||     6
    Use: Scroll            |     3 |    10 |     5 |     8 ||    26
         Potion            |     2 |     6 |     3 |     3 ||    14
   Stab: Held in net/web   |       |       |     2 |       ||     2
 Armour: Scale mail        |    80 |   229 |   278 |   140 ||   727
  Dodge: Dodged            |    69 |   146 |   203 |    90 ||   508
  Block: Buckler           |    24 |   107 |   101 |    55 ||   287

Table legend: (Time is in decaauts)
 A = Elapsed time spent in this place.
 B = Non-inter-level travel time spent in this place.
 C = Inter-level travel time spent in this place.
 D = Time resting spent in this place.
 E = Time spent auto-exploring this place.
 F = Levels seen in this place.
 G = Mean time per level.
                   A        B        C        D        E       F      G
               +--------+--------+--------+--------+--------+-----+--------+
         Total |   8170 |   7765 |    405 |    208 |   3367 |  14 |  583.6 |
       Dungeon |   8170 |   7765 |    405 |    208 |   3367 |  14 |  583.6 |
               +--------+--------+--------+--------+--------+-----+--------+

Top non-repeatable levels by time:
     D:1: 990 daAuts
     D:2: 968 daAuts
     D:6: 902 daAuts
     D:8: 837 daAuts
     D:3: 835 daAuts
     D:4: 762 daAuts
    D:11: 674 daAuts
     D:5: 629 daAuts
    D:13: 426 daAuts
     D:9: 405 daAuts
     D:7: 399 daAuts
    D:10: 312 daAuts
    D:14: 26 daAuts
    D:12: 1 daAuts
